 Dungeon Crawl Stone Soup version 0.23-a0-814-g91b4073 (console) character file.

11645 bli the Carver (level 11, 0/90 HPs)
             Began as a Barachi Fighter on Jan 21, 2019.
             Was a Follower of Wu Jian.
             Slain by a black mamba (5 damage)
             ... on level 1 of the Lair of Beasts.
             The game lasted 00:41:07 (8296 turns).

bli the Carver (Barachi Fighter)                    Turns: 8296, Time: 00:41:08

Health: 0/90       AC: 15    Str: 27    XL:     11   Next: 81%
Magic:  20/20      EV: 11    Int:  8    God:    Wu Jian [*.....]
Gold:   294        SH: 12    Dex: 15    Spells: 9/10 levels left

rFire    . . .     SeeInvis +   a - +2 double sword {flame, freeze}
rCold    . . .     Gourm    .   c - +0 shield
rNeg     . . .     Faith    .   u - +4 ring mail of Vexation {+Fly Str+5}
rPois    .         Spirit   .   i - +1 helmet {SInv}
rElec    .         Reflect  .   m - +0 cloak
rCorr    .         Harm     .   (no gloves)
MR       +....     Clarity  +   G - +0 pair of boots
Stlth    +.........             (no amulet)
HPRegen  0.25/turn              A - ring of magical power
MPRegen  0.17/turn              K - +4 ring of strength

@: can't hop, slow
A: +LOS, swims, clarity, magic resistance 1, slowness 1, strong legs 1
a: Hop, Renounce Religion, Evoke Flight


You were on level 1 of the Lair of Beasts.
You worshipped Wu Jian.
Wu Jian was aware of your devotion.
You were hungry.

You visited 3 branches of the dungeon, and saw 11 of its levels.

You collected 598 gold pieces.
You spent 304 gold pieces at shops.

Inventory:

Hand Weapons
 a - the +2 Maxwell's thermic engine (weapon) {flame, freeze}
   (You found it on level 5 of the Dungeon)

   It has been specially enchanted to burn those struck by it, causing extra
   injury to most foes and up to half again as much damage against particularly
   susceptible opponents.
   Big, fiery blades are also staple armaments of hydra-hunters.
 b - a +2 short sword of venom
 k - a +1 dagger of venom
 C - a +1 dagger of protection
 O - a +0 blowgun
Missiles
 n - a steel javelin (quivered)
 o - 281 stones
 z - 9 tomahawks
 H - 5 tomahawks of returning
 N - 26 poisoned needles
Armour
 c - a +0 shield (worn)
 i - a +1 helmet of see invisible (worn)
 j - a +0 leather armour
 l - a +2 scale mail of magic resistance
 m - a +0 cloak (worn)
 t - a +0 scale mail
 u - the +4 ring mail of Vexation (worn) {+Fly Str+5}
   (You found it on level 5 of the Dungeon)

   It affects your strength (+5).
   It lets you fly.
 G - a +0 pair of boots (worn)
Magical Staves
 F - an uncursed staff of summoning {unknown}
Jewellery
 A - a ring of magical power (left hand)
 I - an uncursed amulet of inaccuracy
 K - a +4 ring of strength (right hand)
Wands
 B - a wand of scattershot (6)
Scrolls
 e - 4 scrolls of teleportation {unknown}
 h - 2 scrolls of noise {unknown}
 p - a scroll of enchant armour {unknown}
 q - 4 scrolls of amnesia {unknown}
 r - 5 scrolls of identify
 s - 3 scrolls of blinking {unknown}
 v - 4 scrolls of magic mapping
 y - 2 scrolls of remove curse
 J - a scroll of random uselessness {unknown}
 L - 4 scrolls of enchant weapon
 M - a scroll of fear {unknown}
Potions
 d - 4 potions of might
 g - 4 potions of lignification
 x - a potion of mutation
 D - a potion of magic
 E - a potion of berserk rage {unknown}
 P - a potion of haste {unknown}
 Q - 2 potions of curing
 R - a potion of resistance {unknown}
 S - a potion of cancellation {unknown}
Comestibles
 f - 27 rations
 w - 2 chunks of flesh


   Skills:
 * Level 9.9 Fighting
 * Level 7.0(11.0) Short Blades
 * Level 14.1(14.7) Long Blades
 + Level 2.6 Throwing
 + Level 6.9 Armour
 + Level 3.2 Dodging
 * Level 8.4 Shields


You had 9 spell levels left.
You knew the following spells:

 Your Spells              Type           Power        Failure   Level  Hunger
b - Summon Butterflies    Summ           #.......     82%         1    ##.....

Your spell library contained the following spells:

 Spells                   Type           Power        Failure   Level  Hunger
 Magic Dart               Conj           #...         82%         1    ##.....
 Sandblast                Erth           #.....       82%         1    ##.....
 Blink                    Tloc           N/A          91%         2    ###....
 Call Imp                 Summ           #.......     91%         2    ###....
 Passwall                 Tmut/Erth      #.......     91%         2    ###....
 Searing Ray              Conj           #.....       91%         2    ###....
 Slow                     Hex            #.......     91%         2    ###....
 Call Canine Familiar     Summ           #.......     99%         3    ####...
 Conjure Flame            Conj/Fire      #.......     99%         3    ####...
 Dazzling Spray           Conj/Hex       #.....       99%         3    ####...
 Mephitic Cloud           Conj/Pois/Air  #.......     99%         3    ####...
 Stone Arrow              Conj/Erth      #.....       99%         3    ####...
 Force Lance              Conj/Tloc      #.......     100%        4    #####..
 Fulminant Prism          Conj/Hex       #.........   100%        4    #####..
 Iskenderun's Mystic Bla  Conj           #.......     100%        4    #####..
 Petrify                  Tmut/Erth      #.......     100%        4    #####..
 Summon Ice Beast         Ice/Summ       #.......     100%        4    #####..
 Lee's Rapid Deconstruct  Erth           #.........   100%        5    ######.
 Summon Mana Viper        Hex/Summ       #.......     100%        5    ######.
 Summon Hydra             Summ           #.........   100%        7    #######


Dungeon Overview and Level Annotations

Branches:
Dungeon (9/15)             Temple (1/1) D:5            Lair (1/6) D:8
    Orc: D:9-12

Altars:
Ashenzari
Cheibriados
Dithmenos
Elyvilon
Fedhas
Gozag
Hepliaklqana
Kikubaaqudgha
Makhleb
Nemelex Xobeh
Okawaru
Qazlal
Ru
Sif Muna
Trog
Uskayaw
Vehumet
Wu Jian
Xom
Yredelemnul
Zin
The Shining One

Shops:
D:4 !   D:7 [


Innate Abilities, Weirdness & Mutations

Shadows flee at your approach. (+LOS)
You can swim through water.
You cover ground slowly.
You can hop short distances.
You possess an exceptional clarity of mind.
You are resistant to hostile enchantments. (MR+)


Message History

The black mamba bites you!
* * * LOW HITPOINT WARNING * * *
The crocodile closely misses you.
You closely miss the black mamba.
The black mamba is heavily wounded.
The black mamba bites you!
* * * LOW HITPOINT WARNING * * *
The crocodile bites you!
* * * LOW HITPOINT WARNING * * *
You block the black mamba's attack.
Hop to where?
Press: ? - help, Dir - move target cursor Boing!
You closely miss the black mamba.
The black mamba is heavily wounded.
Some of the chunks of flesh in your inventory have rotted away.
You closely miss the black mamba.
The black mamba is heavily wounded.
The black mamba bites you.
You die...

##........ #.........
##........ #P.)......
##........ #.......) ###
#........ #####.#
##........ ##.#...#
#......... #.#....>.#
#.........
##....@St.####.÷.......
#.....####†............
......###................
....##..(................
.......(.................
.⌠.......................
..#....................
#....................
...#...................
#...#...#P#####.#######
#....#.#### ###


You could see a black mamba and a crocodile.

Vanquished Creatures
  2 hydras (Lair:1)
  An ugly thing (D:9)
  A black mamba (Lair:1)
  A spiny frog (D:8)
  A komodo dragon (D:8)
  2 polar bears (D:9)
  Prince Ribbit (D:7)
  A hippogriff (Lair:1)
  4 blink frogs (Lair:1)
  2 wyverns (D:8)
  13 yaks
  A hungry ghost (D:4)
  Eustachio (D:5)
  A water moccasin (Lair:1)
  2 orc warriors
  6 porcupines
  A black bear (D:7)
  7 ice beasts
  A swamp drake (D:8)
  2 sky beasts
  2 ogres
  2 phantoms
  2 centaurs
  2 necrophages
  7 wolves
  A crocodile (D:8)
  2 bullfrogs
  A big kobold (D:9)
  2 scorpions
  A water moccasin skeleton (D:4)
  3 wights (D:7)
  2 electric eels (D:9)
  2 howler monkeys
  3 crimson imps
  A bullfrog zombie (D:9)
  2 jellies (D:9)
  A wyvern simulacrum (D:9)
  A centaur skeleton (D:4)
  2 orc priests
  A gnoll shaman (D:4)
  3 hounds
  5 orc wizards
  A bullfrog skeleton (D:4)
  4 iguanas
  5 worker ants
  2 hound zombies
  3 hound skeletons
  A worker ant zombie (D:5)
  A howler monkey skeleton (D:9)
  10 adders
  10 gnolls
  A hound simulacrum (D:9)
  3 shadow imps
  2 white imps (D:9)
  An ooze (D:2)
  2 adder skeletons
  2 adder zombies
  2 worms
  2 dart slugs
  6 leopard geckos
  11 orcs
  16 giant cockroaches
  4 goblins
  5 hobgoblins
  8 jackals
  9 kobolds
  5 quokkas
  5 bats
  3 frilled lizards
  A quokka skeleton (D:4)
  5 rats
  A plant (Lair:1)
230 creatures vanquished.

Notes
Turn   | Place    | Note
-------+----------+-------------------------------------------
     0 | D:1      | bli the Barachi Fighter began the quest for the Orb.
     0 | D:1      | Reached XP level 1. HP: 18/18 MP: 1/1
    77 | D:1      | Reached skill level 3 in Long Blades
    89 | D:1      | Reached XP level 2. HP: 16/24 MP: 2/2
   756 | D:2      | Reached skill level 4 in Long Blades
   756 | D:2      | Reached XP level 3. HP: 27/29 MP: 3/3
   812 | D:2      | Reached XP level 4. HP: 34/36 MP: 4/4
   974 | D:2      | Reached skill level 5 in Long Blades
  1554 | D:3      | Reached skill level 1 in Dodging
  1554 | D:3      | Reached XP level 5. HP: 37/42 MP: 5/5
  2139 | D:3      | Reached skill level 6 in Long Blades
  2230 | D:4      | Reached skill level 1 in Short Blades
  2238 | D:4      | Reached XP level 6. HP: 36/48 MP: 6/6
  2534 | D:4      | Reached XP level 7. HP: 49/55 MP: 7/7
  2632 | D:4      | Found Waarocs's Distillery.
  2641 | D:4      | Bought a potion of curing for 36 gold pieces
  2641 | D:4      | Bought a potion of mutation for 96 gold pieces
  2641 | D:4      | Gained mutation: You possess an exceptional clarity of
                  | mind. [potion of mutation]
  2641 | D:4      | Gained mutation: You are resistant to hostile enchantments.
                  | (MR+) [potion of mutation]
  2720 | D:4      | Noticed a hungry ghost
  2730 | D:4      | Killed a hungry ghost
  2979 | D:5      | Entered Level 5 of the Dungeon
  2995 | D:5      | Reached skill level 5 in Armour
  3006 | D:5      | Reached skill level 5 in Short Blades
  3021 | D:5      | Reached skill level 5 in Fighting
  3039 | D:5      | Reached XP level 8. HP: 53/62 MP: 8/8
  3080 | D:5      | Found the +2 Maxwell's thermic engine {flame, freeze}
  3173 | D:5      | HP: 4/93 [poisoned by an orc wizard]
  3175 | D:5      | HP: 1/93 [poisoned by an orc wizard]
  3286 | D:5      | Reached skill level 7 in Long Blades
  3327 | D:5      | Found a staircase to the Ecumenical Temple.
  3335 | Temple   | Entered the Ecumenical Temple
  4256 | D:5      | Noticed Eustachio
  4266 | D:5      | Killed Eustachio
  4355 | D:5      | Got an encrusted ring mail
  4366 | D:5      | Identified the +4 ring mail of Vexation {+Fly Str+5} (You
                  | found it on level 5 of the Dungeon)
  4423 | D:6      | Reached skill level 5 in Shields
  4429 | D:6      | Reached skill level 8 in Long Blades
  4479 | D:6      | Reached XP level 9. HP: 69/69 MP: 9/9
  4542 | D:6      | Reached skill level 9 in Long Blades
  4656 | D:6      | Found a shattered altar of Ashenzari.
  4818 | D:6      | Found a hazy altar of Hepliaklqana.
  5038 | D:7      | Noticed Prince Ribbit
  5105 | D:7      | Reached skill level 1 in Throwing
  5220 | D:7      | Killed Prince Ribbit
  5220 | D:7      | Reached skill level 10 in Long Blades
  5261 | D:7      | Found Tan Guan's Antique Armour Shoppe.
  5831 | D:8      | Noticed a komodo dragon
  5846 | D:8      | Killed a komodo dragon
  5874 | D:8      | Reached skill level 11 in Long Blades
  5874 | D:8      | Reached XP level 10. HP: 77/78 MP: 10/10
  5898 | D:8      | Found a staircase to the Lair.
  6159 | D:8      | Found a burning altar of Makhleb.
  6189 | D:8      | Found a radiant altar of Vehumet.
  6475 | D:7      | Bought a shiny helmet for 172 gold pieces
  6643 | D:9      | Found a sparkling altar of Nemelex Xobeh.
  6835 | D:9      | Reached skill level 12 in Long Blades
  6989 | D:9      | Found an ornate altar of the Wu Jian Council.
  6997 | D:9      | Became a worshipper of the Wu Jian Council
  7047 | D:9      | Learned a level 1 spell: Summon Butterflies
  7221 | D:9      | Noticed a purple ugly thing
  7230 | D:9      | Killed a purple ugly thing
  7387 | Lair:1   | Entered Level 1 of the Lair of Beasts
  7394 | Lair:1   | Noticed a spiny frog
  7407 | D:8      | Killed a spiny frog
  7407 | D:8      | Reached skill level 13 in Long Blades
  7423 | D:8      | Reached XP level 11. HP: 76/86 MP: 11/11
  7547 | Lair:1   | HP: 2/87 [porcupine (9)]
  8053 | Lair:1   | Noticed a five-headed hydra
  8060 | Lair:1   | Killed a three-headed hydra
  8175 | Lair:1   | Reached * piety under Wu Jian
  8253 | Lair:1   | Reached skill level 14 in Long Blades
  8278 | Lair:1   | Noticed a four-headed hydra
  8285 | Lair:1   | Killed a three-headed hydra
  8290 | Lair:1   | HP: 4/90 [crocodile (7)]
  8296 | Lair:1   | Slain by a black mamba

Vault maps used:
D:1:      roderic_chinese_lattice_arrival
D:2:      minmay_roachtagon, roderic_lattice_a
D:4:      first_ration, serial_shops, shop
D:5:      minmay_temple_entry_arrows, hangedman_decor_clover_reticule,
          uniq_eustachio
D:6:      nicolae_overflow_crystal_walls, basic_altar
D:7:      serial_shops, shop, uniq_prince_ribbit1
D:8:      makhleb_heckhound_becter, erik_lair_dragon, basic_altar
D:9:      nemelex_xobeh_ov_fountains_minmay, kennysheep_little_box, serial_ice,
          serial_ice_f, serial_ice_g, serial_ice_j, serial_ice_h
Temple:   eino_narrow_crystal_temple
Lair:1:   lemuel_reptile_caves, lemuel_fruit_tree, grunt_megastairs_4

Skill      XL: |  1  2  3  4  5  6  7  8  9 10 11 |
---------------+----------------------------------+-----
Long Blades    | 3 4 5 6 8 11 13 14 | 14.1
Armour         | 4 5 6 |  6.9
Dodging        | 1 2 3 |  3.2
Short Blades   | 1 3 5 6 7 |  7.0
Fighting       | 4 5 7 8 9 |  9.9
Shields        | 4 5 6 7 8 |  8.4
Throwing       | 1 2 |  2.6

Action                   |  1- 3 |  4- 6 |  7- 9 | 10-12 || total
-------------------------+-------+-------+-------+-------++-------
Melee: Long sword        |    78 |    89 |    85 |       ||   252
       Short sword       |       |    92 |     6 |       ||    98
       Dagger            |       |    17 |       |       ||    17
       Double sword      |       |       |   141 |   229 ||   370
Throw: Stone             |     3 |    10 |    22 |     9 ||    44
       Javelin           |       |       |    35 |    33 ||    68
       Tomahawk          |       |       |     4 |       ||     4
Invok: Whirlwind         |       |       |       |     6 ||     6
       Lunge             |       |       |       |     2 ||     2
 Abil: Hop               |       |       |       |     1 ||     1
Evoke: Wand              |       |       |     2 |       ||     2
  Use: Potion            |       |       |     8 |     1 ||     9
       Scroll            |       |       |     6 |       ||     6
  Eat: Chunk             |       |     7 |    14 |     8 ||    29
Armor: Scale mail        |    41 |   115 |    59 |       ||   215
       Ring mail         |       |       |    26 |    64 ||    90
       Skin              |       |       |     3 |       ||     3
Dodge: Dodged            |    16 |    58 |    59 |    61 ||   194
Block: Shield            |    41 |   101 |   105 |   117 ||   364
       Rpst.: Long sword |     5 |    10 |    15 |       ||    30
       Double sword      |       |       |     8 |    13 ||    21

Table legend:
 A = Non-vault XP
 B = Vault XP
 C = Vault XP percentage of total XP
 D = Non-vault monster count
 E = Vault monster count
 F = Vault count percentage of total count
                 A         B        C        D         E       F
            +---------+---------+-------+---------+---------+-------
      Total |   12613 |    4023 |  24.2 |     196 |      33 |  14.4
            +---------+---------+-------+---------+---------+-------
        D:1 |      31 |       0 |   0.0 |      17 |       0 |   0.0
        D:2 |      96 |      24 |  20.0 |      17 |      12 |  41.4
        D:3 |     117 |       0 |   0.0 |      18 |       0 |   0.0
        D:4 |     582 |       0 |   0.0 |      15 |       0 |   0.0
        D:5 |     788 |     191 |  19.5 |      23 |       1 |   4.2
        D:6 |    1048 |       0 |   0.0 |      22 |       0 |   0.0
        D:7 |     722 |     286 |  28.4 |      18 |       1 |   5.3
        D:8 |    1974 |    1062 |  35.0 |      13 |       6 |  31.6
        D:9 |    1653 |    1520 |  47.9 |      28 |      12 |  30.0
     Lair:1 |    5602 |     940 |  14.4 |      25 |       1 |   3.8
            +---------+---------+-------+---------+---------+-------
